 Dungeon Crawl Stone Soup version 0.13.0-15-g9204fa6 (webtiles) character file.

309 Lilouch the Cudgeler (level 5, -2/33 HPs)
             Began as a Gargoyle Fighter on Oct 20, 2013.
             Slain by a quokka (3 damage)
             ... summoned by Eustachio
             ... on Level 4 of the Dungeon.
             The game lasted 00:08:33 (2137 turns).

Lilouch the Cudgeler (Gargoyle Fighter)             Turns: 2137, Time: 00:08:33

HP  -2/33        AC 13     Str 20      XL: 5   Next: 34%
MP   4/4         EV  5     Int  8      God:
Gold 157         SH 18     Dex 10      Spells:  0 memorised,  4 levels left

Res.Fire  : . . .   See Invis. : .   a - +0 mace
Res.Cold  : . . .   Warding    : .   q - +0 chain mail
Life Prot.: + . .   Conserve   : .   c - +0 shield
Res.Poison: +       Res.Corr.  : .   (no helmet)
Res.Elec. : +       Clarity    : .   (no cloak)
Sust.Abil.: . .     Spirit.Shd : .   (no gloves)
Res.Mut.  : .       Stasis     : .   (no boots)
Res.Rott. : +       Flight     : .   (no amulet)
Saprovore : . . .                    (no ring)
                                     (no ring)

@: slightly resistant to hostile enchantments, extremely unstealthy
A: fangs 1, talons 2, life protection 1, electricity resistance, slow metabolism
1, unbreathing, petrification resistance, AC +4
a: no special abilities


You were on level 4 of the Dungeon.
You were not hungry.

You visited 1 branch of the dungeon, and saw 4 of its levels.

You collected 137 gold pieces.

Inventory:

Hand weapons
 a - a +0,+0 mace (weapon)
 r - a +0 blowgun
Missiles
 s - 15 poisoned needles
Armour
 c - a +0 shield (worn)
 q - a +0 chain mail (worn)
Comestibles
 b - 11 sultanas
 d - 2 bread rations
 k - a meat ration
Scrolls
 g - 3 scrolls of enchant weapon II {unknown}
 h - 5 scrolls of identify {unknown}
 l - a scroll of fog {unknown}
 n - a scroll of teleportation {unknown}
 o - 3 scrolls of remove curse {unknown}
Jewellery
 i - a cursed -3 ring of dexterity {unknown}
 p - a cursed ring of hunger {unknown}
Potions
 e - 3 potions of curing {unknown}
 f - 3 potions of heal wounds {unknown}
 j - a potion of speed {unknown}
 m - 2 potions of invisibility {unknown}
 u - a potion of brilliance {unknown}
 v - a potion of flight {unknown}
Books
 t - a book of Unlife

   Spells                             Type                      Level
   Recall                             Summoning/Translocation      3
   Animate Dead                       Necromancy                   4
   Control Undead                     Necromancy                   4
   Twisted Resurrection               Necromancy                   5
   Death Channel                      Necromancy                   6
   Simulacrum                         Ice/Necromancy               6


   Skills:
 - Level 3.2 Fighting
 * Level 5.9 Maces & Flails
 - Level 3.2 Armour
 - Level 3.2 Shields


You had 4 spell levels left.
You didn't know any spells.

Dungeon Overview and Level Annotations

Branches:
Dungeon (4/27)
 Temple: D:4-7

Altars:

Annotations:
D:4 Eustachio


Innate Abilities, Weirdness & Mutations

You are resistant to torment.
You are immune to poison.
Your stone body is very resilient (AC +4).
You have very sharp teeth.
You have razor-sharp toenails.
You resist negative energy.
You are resistant to electric shocks.
You have a slow metabolism.
You can survive without breathing.
You are immune to petrification.


Message History

You block Eustachio's attack. The iron imp breathes smoke at you.
You block the iron imp's attack.
The green rat bites you but does no damage.
You hit Eustachio. You claw Eustachio.
Eustachio is severely wounded.
The iron imp disappears in a puff of smoke!
You block the shadow imp's attack. You block the quokka's attack.
Eustachio barely misses you. You block the iron imp's attack.
The green rat bites you but does no damage.
You hit Eustachio but do no damage. Your bite misses Eustachio.
Eustachio is severely wounded.
You block the shadow imp's attack. You block the quokka's attack.
Eustachio hits you but does no damage.
The iron imp hits you but does no damage.
The green rat bites you but does no damage.
The shadow imp hits you.
* * * LOW HITPOINT WARNING * * *
The quokka bites you.
You die...

.# #.# ##..#...#...#
.# #. #.......... .#
# ##..#...#... .#
#.#......... .#
#...#..####### .#
###.###.####.# ..
...........##.####..#
##
###.###5#...........#
#b5@@r####.####...#
###5#r§...%.....#
.r5######.####.# ###.
#.# #. #.# #. #.# #.
... #. ### .


You could see Eustachio, an iron imp, a green rat, a lemure, a shadow imp, an
ufetubus, 2 quokkas and a bat.

Vanquished Creatures
  A worker ant (D:4)
  6 adders
  A worm (D:3)
  3 giant geckos
  An ooze (D:1)
  7 giant cockroaches
  9 goblins
  11 hobgoblins
  8 kobolds
  8 bats
  4 giant newts
  9 rats
68 creatures vanquished.

Notes
Turn   | Place    | Note
--------------------------------------------------------------
     0 | D:1      | Lilouch, the Gargoyle Fighter, began the quest for the Orb.
     0 | D:1      | Reached XP level 1. HP: 14/14 MP: 0/0
   195 | D:1      | Reached XP level 2. HP: 19/19 MP: 1/1
   397 | D:1      | Reached XP level 3. HP: 22/24 MP: 2/2
   633 | D:2      | Reached skill level 4 in Maces & Flails
   994 | D:2      | Reached XP level 4. HP: 28/28 MP: 3/3
  1044 | D:2      | Reached skill level 5 in Maces & Flails
  1583 | D:3      | Reached XP level 5. HP: 30/33 MP: 4/4
  2091 | D:4      | Noticed Eustachio
  2137 | D:4      | HP: 1/33 [shadow imp[Eustachio] (1)]
  2137 | D:4      | Slain by a quokka

Action                   |  1- 3 |  4- 6 || total
-------------------------+-------+-------++-------
Melee: Mace              |    99 |   118 ||   217
